 Dungeon Crawl Stone Soup version 0.29.1-2-gbd0b4ee654 (webtiles) character file.

Game seed: 6641234365256141645

100163 manyhoops the Brawler (level 15, -3/130 HPs)
             Began as a Demigod Transmuter on Nov 10, 2022.
             Killed by divine providence
             ... invoked by a meliai
              (12 damage)
             ... on level 13 of the Dungeon.
             The game lasted 00:51:22 (28709 turns).

manyhoops the Brawler (Demigod Transmuter)         Turns: 28709, Time: 00:51:23

Health: -3/130     AC: 12    Str: 33    XL:     15   Next: 34%
Magic:  26/30      EV: 18    Int: 14    God:
Gold:   1624       SH:  0    Dex: 13    Spells: 10/28 levels left

rFire   + . .      SeeInvis .     - Unarmed
rCold   . . .      Faith    .   (no shield)
rNeg    . . .      Spirit   .   b - +3 ring mail "Bineuneth" {+Blink Fly Regen+ Str-2}
rPois   .          Reflect  .   J - +2 hat
rElec   .          Harm     .   L - +0 cloak {Will+}
rCorr   .          Rampage  .   (no gloves)
Will    ++...                   B - +0 pair of boots
Stlth   +.........              G - amulet of regeneration
HPRegen 1.91/turn               A - +4 ring of evasion
MPRegen 0.22/turn               F - ring of protection from fire

@: wereblooded, flying
A: high MP 1, forlorn, divine attributes, passive freeze, strong 1
a: Evoke Blink


You were on level 13 of the Dungeon.
You visited 3 branches of the dungeon, and saw 22 of its levels.
You also visited: Bailey and Gauntlet.

You collected 2874 gold pieces.
You spent 1250 gold pieces at shops.

Inventory:

Missiles
 m - 25 poisoned darts (quivered)
 u - 6 throwing nets
Armour
 b - the +3 ring mail "Bineuneth" (worn) {+Blink Fly Regen+ Str-2}
   (You found it in a Gauntlet)

   Str:       It affects your strength (-2).
   Fly:       It grants you flight.
   +Blink:    It lets you blink.
   Regen:     It increases your rate of health regeneration.
 q - the +1 leather armour of the Pits of Slime {rF+ rC+ Dex+2}
   (You found it on level 11 of the Dungeon)

   Dex:       It affects your dexterity (+2).
   rF:        It protects you from fire.
   rC:        It protects you from cold.
 B - a +0 pair of boots (worn)
 J - a +2 hat (worn)
 L - a +0 cloak of willpower (worn)
 N - a +2 leather armour of positive energy
Magical Staves
 O - a staff of conjuration
 Z - a staff of fire
Jewellery
 e - the ring "Efas" {*Corrode Fly Dex+3 SInv}
   (You took it off a centaur warrior on level 9 of the Dungeon)

   [ring of see invisible]

   Dex:       It affects your dexterity (+3).
   SInv:      It lets you see invisible.
   Fly:       It grants you flight.
   *Corrode:  It may corrode you when you take damage.
 k - a ring of resist corrosion
 A - a +4 ring of evasion (left hand)
 C - a ring of magical power
 F - a ring of protection from fire (right hand)
 G - an amulet of regeneration (around neck)
 P - a ring of ice
 Q - a ring of ice
 W - a ring of protection from fire
 Y - the ring "Xewnurgh" {Drain Fly rElec Will+}
   (You found it in a Gauntlet)

   [ring of willpower]

   rElec:     It insulates you from electricity.
   Fly:       It grants you flight.
   Drain:     It drains your maximum health when unequipped.
   Will:      It increases your willpower.
Wands
 n - a wand of paralysis (35)
 v - a wand of mindburst (15)
 x - a wand of polymorph (4)
 D - a wand of quicksilver (22)
 T - a wand of flame (33)
Scrolls
 a - 11 scrolls of identify
 f - 3 scrolls of noise
 g - 7 scrolls of amnesia
 h - 4 scrolls of butterflies
 i - 9 scrolls of teleportation
 j - a scroll of silence
 l - 2 scrolls of torment
 r - 3 scrolls of immolation
 z - 3 scrolls of poison
 E - 6 scrolls of enchant weapon
 I - a scroll of enchant armour
 R - 4 scrolls of brand weapon
 V - 3 scrolls of blinking
Potions
 c - 2 potions of resistance
 d - 8 potions of flight
 o - 4 potions of heal wounds
 p - 3 potions of haste
 s - 2 potions of invisibility
 t - 7 potions of might
 w - 4 potions of lignification
 H - 2 potions of cancellation
 K - a potion of brilliance
 M - 13 potions of curing
 S - 3 potions of magic
 U - a potion of attraction
 X - a potion of mutation
Miscellaneous
 y - a box of beasts


   Skills:
 - Level 11.5 Fighting
 - Level 2.1 Armour
 - Level 7.0 Dodging
 - Level 17.9 Unarmed Combat
 + Level 7.4 Spellcasting
 * Level 10.7 Transmutations
 - Level 6.2 Ice Magic


You had 10 spell levels left.
You knew the following spells:

 Your Spells              Type           Power      Damage    Failure   Level
a - Beastly Appendage     Tmut           70%        N/A       1%          1
b - Wereblood             Tmut           35%        N/A       1%          2
c - Spider Form           Tmut/Pois      20%        N/A       6%          3
d - Ice Form              Ice/Tmut       29%        N/A       5%          4
e - Ozocubu's Armour      Ice            22%        N/A       4%          3
f - Blade Hands           Tmut           17%        N/A       6%          5

Your spell library contained the following spells:

 Spells                   Type           Power      Damage    Failure   Level
 Ignite Poison            Fire/Tmut/Pois 15%        N/A       13%         3
 Magic Dart               Conj           20%        1d4       19%         1
 Slow                     Hex            20%        N/A       19%         1
 Searing Ray              Conj           10%        2d4       28%         2
 Hailstorm                Conj/Ice       14%        3d5       45%         4
 Confusing Touch          Hex            5%         N/A       50%         3
 Dazzling Flash           Conj/Hex       10%        N/A       50%         3
 Mephitic Cloud           Conj/Pois/Air  5%         N/A       50%         3
 Portal Projectile        Hex/Tloc       10%        N/A       50%         3
 Tukima's Dance           Hex            5%         N/A       50%         3
 Vampiric Draining        Necr           5%         2d6       50%         3
 Metabolic Englaciation   Hex/Ice        7%         N/A       80%         5
 Animate Armour           Summ/Erth      10%        N/A       88%         4
 Animate Dead             Necr           5%         N/A       88%         4
 Cause Fear               Hex            2%         N/A       88%         4
 Fulminant Prism          Conj/Hex       2%         3d6       88%         4
 Iskenderun's Mystic Bla  Conj/Tloc      5%         2d3       88%         4
 Dragon Form              Tmut           17%        N/A       88%         7
 Freezing Cloud           Conj/Ice/Air   5%         6-21      91%         5
 Agony                    Necr           5%         N/A       99%         5
 Borgnjor's Vile Clutch   Necr/Erth      2%         N/A       99%         5
 Iskenderun's Battlesphe  Conj           5%         2d6       99%         5
 Silence                  Hex/Air        2%         N/A       99%         5
 Death Channel            Necr           2%         N/A       100%        6
 Iron Shot                Conj/Erth      2%         9d2       100%        6
 Simulacrum               Ice/Necr       7%         N/A       100%        6
 Starburst                Conj/Fire      2%         6d3       100%        6
 Spellforged Servitor     Conj/Summ      2%         N/A       100%        7
 Dragon's Call            Summ           2%         N/A       100%        9


Dungeon Overview and Level Annotations

Branches:
Dungeon (15/15)            Temple (0/1) D:4            Lair (5/5) D:9
  Snake (0/4) Lair:2        Slime (0/5) Lair:4          Orc (2/2) D:10
 Depths (0/4) D:15         Bailey (visited)         Gauntlet (visited)
  Swamp: Lair:2-3    Shoals: Lair:2-3       Elf: Orc:2       Vaults: D:13-14

Shops:
D:1 *   D:2 *   D:4 (   D:6 *?   D:9 *   D:10 !   D:14 !

Annotations:
D:2 Sigmund
D:8 1 runed translucent door, Jellyfuzz's ghost, novice GrEE
D:9 3 runed translucent doors, Firos's ghost, journeyman DEFE
Lair:2 3 runed translucent doors, Reubyar's ghost, journeyman MiBe
Lair:3 3 runed translucent doors, Feulaj's ghost, journeyman MiBe; Nefuv's ghost, journeyman MiBe; t4s4d4r's ghost, journeyman DsEE


Innate Abilities, Weirdness & Mutations

You have an increased reservoir of magic. (+10% MP)
You shall have no god before yourself.
Your divine heritage dramatically boosts your attributes as you level up.
A frigid envelope surrounds you and freezes all who hurt you.
Your muscles are strong. (Str +4, Int/Dex -1)


Message History

You slash the vault guard!
You slash the vault guard, but do no damage.
The vault guard is severely wounded.
The vault guard hits you with a +0 war axe!
The vault guard is very cold.
The vault guard is severely wounded.
Something hits you!
You barely miss the vault guard.
The vault guard is severely wounded.
You hit the vault guard.
The vault guard is severely wounded.
You howl as the wereblood boils in your veins!
The vault guard closely misses you.
You hear some strange, mumbled words.
A shard of ice appears from out of thin air!
The shard of ice hits you!!
* * * LOW HITPOINT WARNING * * *
Okay, then.
You feel much better.
Your hands revert to their normal proportions.
The vault guard hits you with a +0 war axe!
* * * LOW HITPOINT WARNING * * *
The vault guard is very cold.
The vault guard is almost dead.
Something hits you!!
* * * LOW HITPOINT WARNING * * *
Blink to where?
Press: ? - help, Dir - move target
As you read the scroll of blinking, it crumbles to dust.
As you read the scroll of teleportation, it crumbles to dust.
You feel strangely unstable.
Your surroundings suddenly seem different. 2 meliai come into view.
Found 19 gold pieces.
The meliai invokes the aid of its god against you.
Something smites you!
* * * LOW HITPOINT WARNING * * *
The meliai mumbles some strange prayers to its god against you.
Something smites you!
You die...

# #####.#
#..@..#
##....$#
#.......#
.........#
..#........
..##........
..#
#..y.....
..#
##..y..##


You could see 2 meliai.

Vanquished Creatures
  Gastronok (D:8)
  An orc warlord (Orc:1)
  A very ugly thing (D:15)
  The ghost of Wifio the Severer, a journeyman DDFi of Makhleb (D:15)
  A minotaur (Gauntlet)
  Azrael (D:12)
  A blizzard demon (D:15)
  Josephine (D:10)
  A fire dragon (Lair:5)
  9 hydras
  3 boulder beetles
  Harold (Orc:1)
  Erica (D:11)
  A catoblepas (Lair:4)
  A centaur warrior (D:14)
  8 death yaks
  5 two-headed ogres
  A wretched star (Gauntlet)
  A death drake (Gauntlet)
  A fire crab (shapeshifter) (D:13)
  2 skeletal warriors (D:10)
  A glowing orange brain (D:15)
  An orb spider (shapeshifter) (D:15)
  2 wizards (D:15)
  A lindwurm (Lair:5)
  4 orc knights
  2 deep elf pyromancers
  10 ugly things
  7 cyclopes
  21 elephants
  7 black mambas
  4 centaur zombies (D:10)
  Maurice (D:8)
  3 molten gargoyles (Lair:5)
  6 centaur skeletons (D:10)
  15 cane toads
  5 rime drakes
  2 gargoyles
  Psyche (D:8)
  A cane toad (shapeshifter) (D:15)
  2 unseen horror zombies (D:10)
  A kobold demonologist (D:10)
  16 komodo dragons
  2 efreet (D:14)
  A freezing wraith (D:14)
  An unseen horror skeleton (D:10)
  5 trolls
  An ice devil (D:15)
  4 polar bears
  6 slime creatures
  8 blink frogs
  A meliai zombie (Gauntlet)
  10 dream sheep (Lair:3)
  4 flying skulls (D:10)
  3 shadows
  6 centaur simulacra (D:15)
  11 wyverns
  13 wraiths
  52 yaks
  A yak (shapeshifter) (D:15)
  2 fire elementals (D:12)
  8 basilisks
  A neqoxec (Gauntlet)
  2 steam dragons
  5 vampire mosquitoes
  4 nagas (Lair:2)
  A warg (D:10)
  An acid dragon (D:12)
  7 hell hounds
  17 water moccasins
  A spectral hornet (Gauntlet)
  A meliai simulacrum (D:15)
  37 orc warriors
  4 black bears
  A hornet zombie (Gauntlet)
  3 ice beasts
  An ice beast (shapeshifter) (D:9)
  A sky beast (D:6)
  4 centaurs
  3 ogres
  5 wolves
  A phantom (D:6)
  A kobold brigand (D:8)
  13 bullfrogs
  3 necrophages (D:6)
  4 scorpions
  4 gnoll sergeants
  5 wights
  19 killer bees
  3 howler monkeys
  An electric eel (Lair:3)
  4 lava snakes (Lair:5)
  4 hounds
  2 jellies
  15 orc priests
  4 gnoll boudas
  3 iguanas
  17 orc wizards
  5 hell rats (Lair:4)
  A boggart simulacrum (D:15)
  8 adders
  26 gnolls
  A howler monkey skeleton (D:10)
  2 shadow imps (D:6)
  A white imp (D:7)
  A howler monkey simulacrum (D:9)
  6 dart slugs
  49 orcs
  7 ball pythons
  5 bats
  6 endoplasms
  4 giant cockroaches
  13 goblins
  12 hobgoblins
  6 jackals (D:1)
  22 kobolds
  4 quokkas
  8 frilled lizards
  5 rats
  A spectral orc (D:15)
690 creatures vanquished.

Vanquished Creatures (collateral kills)
  A centaur warrior (D:9)
  2 orcs (D:9)
3 creatures vanquished.

Vanquished Creatures (others)
  18 fungi
  57 plants
75 creatures vanquished.

Grand Total: 768 creatures vanquished

Notes
Turn   | Place    | Note
-------+----------+-------------------------------------------
     0 | D:1      | manyhoops the Demigod Transmuter began the quest for the
                  | Orb.
     0 | D:1      | Reached XP level 1. HP: 15/15 MP: 5/5
    76 | D:1      | Reached skill level 1 in Fighting
   141 | D:1      | Reached skill level 3 in Unarmed Combat
   418 | D:1      | Reached XP level 2. HP: 19/23 MP: 5/7
   928 | D:1      | Found Haotalin's Assorted Antiques.
   948 | D:1      | Learned a level 2 spell: Wereblood
  1085 | D:1      | Reached XP level 3. HP: 27/28 MP: 8/8
  1530 | D:2      | Found Noepsies's General Store.
  1727 | D:2      | Reached skill level 4 in Unarmed Combat
  2066 | D:2      | Noticed Sigmund
  2435 | D:2      | Reached XP level 4. HP: 35/36 MP: 9/9
  3422 | D:4      | Noticed an ogre
  3425 | D:4      | Found a staircase to the Ecumenical Temple.
  3517 | D:4      | Reached XP level 5. HP: 4/41 MP: 7/11
  3517 | D:4      | HP: 1/41 [frozen (3)]
  4339 | D:4      | Killed an ogre
  4340 | D:4      | Reached XP level 6. HP: 48/48 MP: 13/13
  4690 | D:4      | Found Zinaum's Weapon Emporium.
  4743 | D:5      | Entered Level 5 of the Dungeon
  5177 | D:5      | Reached skill level 5 in Transmutations
  5178 | D:5      | Reached XP level 7. HP: 29/53 MP: 13/15
  5237 | D:5      | Learned a level 3 spell: Spider Form
  6468 | D:6      | Reached skill level 5 in Unarmed Combat
  6473 | D:6      | Learned a level 4 spell: Ice Form
  6869 | D:6      | Found Xuqeen's Magic Scroll Emporium.
  6882 | D:6      | Reached skill level 1 in Ice Magic
  6907 | D:6      | Reached XP level 8. HP: 36/63 MP: 17/17
  7052 | D:6      | Bought a scroll of identify for 20 gold pieces
  7052 | D:6      | Bought a scroll of identify for 20 gold pieces
  7052 | D:6      | Bought a scroll of identify for 20 gold pieces
  7052 | D:6      | Bought a scroll of identify for 20 gold pieces
  7366 | D:6      | Bought a scroll of fear for 40 gold pieces
  7389 | D:6      | Found Tovueph's Assorted Antiques.
  7393 | D:6      | Bought a scroll labelled ITUIMI VEYLEQ for 22 gold pieces
  7393 | D:6      | Bought a scroll labelled LAD ESEPRATEES for 22 gold pieces
  7393 | D:6      | Bought a sedimented green potion for 19 gold pieces
  7393 | D:6      | Bought a potion of might for 88 gold pieces
  7435 | D:6      | Learned a level 3 spell: Ozocubu's Armour
  7987 | D:6      | Reached skill level 5 in Ice Magic
  8600 | D:7      | Found a flagged portal.
  8601 | D:7      | Noticed a troll
  8610 | D:7      | Killed a troll
  8611 | D:7      | Reached skill level 6 in Unarmed Combat
  8613 | D:7      | Reached XP level 9. HP: 71/71 MP: 15/18
  8628 | D:7      | Reached skill level 7 in Unarmed Combat
  8647 | D:7      | HP: 4/86 [gnoll/+0 flail[a gnoll sergeant] (6)]
  8816 | Bailey   | Entered a bailey
  9059 | Bailey   | Reached skill level 5 in Fighting
  9233 | Bailey   | Reached skill level 8 in Unarmed Combat
  9462 | D:6      | Bought a scroll of immolation for 40 gold pieces
  9785 | D:7      | Reached XP level 10. HP: 81/81 MP: 20/20
 10032 | D:7      | Reached skill level 5 in Spellcasting
 10992 | D:8      | Found a runed translucent door.
 10995 | D:8      | Noticed Jellyfuzz's ghost (novice GrEE)
 11015 | D:8      | Identified the +5 trident "Giqumav" {freeze, Int+2}
 11050 | D:8      | Noticed Gastronok
 11075 | D:8      | Killed Gastronok
 11076 | D:8      | Reached skill level 9 in Unarmed Combat
 11295 | D:8      | Reached skill level 10 in Unarmed Combat
 11473 | D:8      | Noticed Maurice
 11501 | D:8      | Killed Maurice
 11730 | D:8      | Noticed Psyche
 12405 | D:8      | Killed Psyche
 12813 | D:9      | Found a staircase to the Lair.
 12938 | D:9      | Noticed an angel
 12943 | D:9      | Found Paniduewy's Hallowed Reliquary.
 12948 | D:9      | Bought a potion of heal wounds for 65 gold pieces
 12948 | D:9      | Bought a +2 leather armour of positive energy for 208 gold
                  | pieces
 13232 | D:9      | Noticed a two-headed ogre
 13243 | D:9      | Killed a two-headed ogre
 13244 | D:9      | Reached skill level 11 in Unarmed Combat
 13244 | D:9      | Reached XP level 11. HP: 89/89 MP: 20/22
 13380 | D:9      | Found a runed translucent gate.
 13380 | D:9      | Found a runed translucent gate.
 13380 | D:9      | Found a runed translucent gate.
 13384 | D:9      | Noticed Firos's ghost (journeyman DEFE)
 13435 | D:9      | Noticed a two-headed ogre
 13442 | D:9      | Killed a two-headed ogre
 13634 | D:9      | Identified the ring "Efas" {*Corrode Fly Dex+3 SInv}
 13634 | D:9      | Noticed a centaur warrior
 13635 | D:9      | Reached skill level 12 in Unarmed Combat
 13649 | D:9      | Killed a centaur warrior
 13831 | D:9      | Noticed a deep elf pyromancer
 13859 | D:9      | Killed a deep elf pyromancer
 14115 | Lair:1   | Entered Level 1 of the Lair of Beasts
 14130 | Lair:1   | Reached skill level 13 in Unarmed Combat
 14315 | Lair:1   | Noticed a four-headed hydra
 14328 | Lair:1   | Killed a four-headed hydra
 14863 | Lair:1   | Reached skill level 14 in Unarmed Combat
 15166 | Lair:2   | Found a runed translucent gate.
 15177 | Lair:2   | Found a staircase to the Snake Pit.
 15195 | Lair:2   | Reached XP level 12. HP: 95/97 MP: 23/24
 15347 | Lair:2   | Found a runed translucent gate.
 15347 | Lair:2   | Found a runed translucent gate.
 15348 | Lair:2   | Noticed Reubyar's ghost (journeyman MiBe)
 15747 | Lair:2   | Noticed a seven-headed hydra
 15757 | Lair:2   | Killed a seven-headed hydra
 16591 | Lair:3   | Reached skill level 5 in Dodging
 16734 | Lair:3   | Found a runed translucent gate.
 16734 | Lair:3   | Found a runed translucent gate.
 16734 | Lair:3   | Found a runed translucent gate.
 16739 | Lair:3   | Noticed t4s4d4r's ghost (journeyman DsEE)
 16739 | Lair:3   | Noticed Nefuv's ghost (journeyman MiBe)
 16739 | Lair:3   | Noticed Feulaj's ghost (journeyman MiBe)
 16885 | Lair:3   | Got Thaumaturgy Continued
 16921 | Lair:3   | Noticed an eight-headed hydra
 16925 | Lair:3   | Noticed a four-headed hydra
 16935 | Lair:3   | Killed an eight-headed hydra
 16938 | Lair:3   | Noticed a four-headed hydra
 16943 | Lair:3   | Killed a four-headed hydra
 16952 | Lair:3   | Killed a four-headed hydra
 17161 | Lair:4   | Noticed a seven-headed hydra
 17167 | Lair:4   | Killed a seven-headed hydra
 17168 | Lair:4   | Reached XP level 13. HP: 111/111 MP: 25/25
 17774 | Lair:4   | Found a staircase to the Slime Pits.
 17880 | Lair:4   | Reached skill level 15 in Unarmed Combat
 18788 | Lair:5   | Entered Level 5 of the Lair of Beasts
 18896 | Lair:4   | Reached skill level 10 in Fighting
 19361 | Lair:5   | Reached skill level 16 in Unarmed Combat
 20024 | Lair:5   | Reached XP level 14. HP: 113/122 MP: 26/26
 20201 | Lair:5   | Found a large runed translucent door.
 20362 | Lair:5   | Found a large runed translucent door.
 20383 | Lair:5   | Reached skill level 17 in Unarmed Combat
 21160 | D:10     | Entered Level 10 of the Dungeon
 21256 | D:10     | Found a staircase to the Orcish Mines.
 21334 | Orc:1    | Entered Level 1 of the Orcish Mines
 21334 | Orc:1    | Noticed Josephine
 21515 | D:10     | Killed Josephine
 21599 | Orc:1    | Noticed Harold
 21604 | Orc:1    | Killed Harold
 21716 | Orc:1    | Noticed an orc warlord
 21734 | Orc:1    | Killed an orc warlord
 22114 | Orc:2    | Entered Level 2 of the Orcish Mines
 22764 | D:10     | Learned a level 5 spell: Blade Hands
 22918 | D:10     | Found Wukloufy's Distillery.
 23562 | D:10     | Bought a potion of curing for 48 gold pieces
 23562 | D:10     | Bought a potion of heal wounds for 80 gold pieces
 23562 | D:10     | Bought 2 potions of curing for 96 gold pieces
 23562 | D:10     | Bought a potion of flight for 48 gold pieces
 23562 | D:10     | Bought a potion of might for 64 gold pieces
 23740 | D:11     | Found a gate leading to a gauntlet.
 23746 | Gauntlet | Entered a Gauntlet
 23746 | Gauntlet | Noticed a reaper
 23746 | Gauntlet | Found a transporter.
 23755 | Gauntlet | Found a transporter.
 23772 | Gauntlet | Found a transporter.
 23775 | Gauntlet | Found a transporter.
 23795 | Gauntlet | Found a transporter.
 23808 | Gauntlet | Found a transporter.
 23812 | Gauntlet | Found a transporter.
 23829 | Gauntlet | Found a transporter.
 23832 | Gauntlet | Found a transporter.
 23835 | Gauntlet | Found a transporter.
 24027 | Gauntlet | Identified the ring "Xewnurgh" {Drain Fly rElec Will+}
 24224 | Gauntlet | Identified the +3 ring mail "Bineuneth" {+Blink Fly Regen+
                  | Str-2}
 24224 | Gauntlet | Identified the +1 robe of Juhaev {+Inv Will- Dex+2}
 24269 | D:11     | Reached skill level 1 in Armour
 24523 | D:11     | Noticed Erica
 24531 | D:11     | Killed Erica
 24779 | D:11     | Identified the +1 leather armour of the Pits of Slime {rF+
                  | rC+ Dex+2}
 25082 | D:12     | Noticed Azrael
 25098 | D:12     | Killed Azrael
 25356 | D:12     | You are sucked into a shaft and drop 2 floors!
 25540 | D:14     | Reached XP level 15. HP: 87/130 MP: 23/28
 25710 | D:14     | Identified a scroll of acquirement
 25710 | D:14     | Acquired 601 gold pieces
 25902 | D:14     | Found Famas's Distillery.
 25926 | D:14     | Bought a potion of curing for 45 gold pieces
 25926 | D:14     | Bought a potion of mutation for 120 gold pieces
 25926 | D:14     | Bought a potion of heal wounds for 75 gold pieces
 25926 | D:14     | Bought a potion of curing for 45 gold pieces
 25926 | D:14     | Bought a potion of curing for 45 gold pieces
 25928 | D:14     | Gained mutation: You occasionally lose the ability to drink
                  | potions when taking damage. [potion of mutation]
 25928 | D:14     | Gained mutation: Your flesh is cold resistant. (rC+)
                  | [potion of mutation]
 26229 | D:14     | Lost mutation: Your flesh is cold resistant. (rC+) [potion
                  | of mutation]
 26229 | D:14     | Lost mutation: You occasionally lose the ability to drink
                  | potions when taking damage. [potion of mutation]
 26229 | D:14     | Gained mutation: Your muscles are strong. (Str +4, Int/Dex
                  | -1) [potion of mutation]
 26229 | D:14     | Gained mutation: A frigid envelope surrounds you and
                  | freezes all who hurt you. [potion of mutation]
 26589 | D:15     | Entered Level 15 of the Dungeon
 26788 | D:15     | Reached skill level 10 in Transmutations
 26889 | D:15     | Found a runed translucent gate.
 26889 | D:15     | Found a runed translucent gate.
 26889 | D:15     | Found a runed translucent gate.
 27705 | D:15     | Found a staircase to the Depths.
 27925 | D:15     | Noticed Wifio's ghost (journeyman DDFi)
 27970 | D:15     | Killed Wifio's ghost
 28709 | D:13     | Killed from afar by a meliai

Illustrated notes

Levels and vault maps discovered:
D:1:      dpeg_arrival_three_bigger_balls, layout_basic, serial_shops, shop,
          chequers_ecumenical_altar_lobes, dk_noncrumbling_2
D:2:      layout_loops_corners, serial_shops, nicolae_shop_statue_plus,
          uniq_sigmund
D:3:      layout_loops_ring, serial_rivers, chequers_serial_rivers_micro_b,
          chequers_serial_rivers_small_b, chequers_serial_rivers_micro_c,
          chequers_serial_rivers_micro_a, chequers_serial_rivers_large_a,
          chequers_serial_rivers_micro_a
D:4:      layout_rooms, nicolae_overflows_in_rows,
          minmay_temple_entry_large_hall, serial_shops, nicolae_lakefront_shop
D:5:      layout_loops_cross, nicolae_ossuary_entry_plus
D:6:      layout_rooms, serial_shops, shop, shop, minmay_between
D:7:      layout_loops_corners, enter_bailey_6
D:8:      nicolae_cairo_tiling_large, layout_cave_pods, serial_rivers,
          chequers_serial_rivers_micro_d, chequers_serial_rivers_micro_b,
          chequers_serial_rivers_micro_c, chequers_serial_rivers_micro_d,
          ebering_ghost_funeral_grove, uniq_maurice, uniq_gastronok, uniq_psyche
D:9:      minmay_the_grid_3x2 [minmay_the_grid_tree,
          minmay_the_grid_minigrid_large, minmay_the_grid_spin_star,
          minmay_the_grid_broken_lines, minmay_the_grid_box_x,
          minmay_the_grid_prize_four_corners_diamond_b], layout_loops_ring,
          lair_entry_dummy, ebering_ghost_rock_garden, serial_bayou_pond_d,
          chequers_mini_garden, st_stairs_6, nicolae_good_shop
D:10:     hangedman_screamer, layout_irregular_city, david_orc_3, serial_shops,
          nicolae_lakefront_shop, nicolae_figureground_sparkle
D:11:     layout_irregular_city, serial_glass, glass_columns_b, glass_columns_a,
          glass_columns_b, glass_columns_c, gauntlet_entry_generic, uniq_erica
D:12:     layout_cave_pools, uniq_azrael
D:13:     layout_cave_pods, david_vaults_5
D:14:     layout_loops_ring, serial_shops, nicolae_shop_hallway_stairs,
          infiniplex_staircase_hallway_doors
D:15:     gammafunk_enter_depths_forms, layout_long_grid, gammafunk_ghost_icy,
          grunt_dithmenos_smoke, yredelemnul_forgotten_temple_becter
Lair:1:   layout_regular_city
Lair:2:   layout_layer_cave, minmay_snake_entry_guardpost_small,
          gammafunk_ghost_ooze, minmay_stone_trees_medium, grunt_megastairs_4
Lair:3:   nzn_winding_woodlands_small
          [nzn_winding_woodlands_5x15_pathside_ponds,
          nzn_winding_woodlands_center_pierced_h,
          nzn_winding_woodlands_5x15_default], layout_cave_pods, swamp_mist,
          gammafunk_ghost_cemetery, infiniplex_staircase_pool,
          serial_bayou_shore_a
Lair:4:   layout_regular_city, slime_entry_1, grunt_megastairs_3
Lair:5:   cheibrodos_lair_end_hotspot, layout_gridlike,
          nicolae_lair_grazing_beasts [nicolae_sub_lair_graze_edge,
          nicolae_sub_lair_graze_edge, nicolae_sub_lair_graze_edge,
          nicolae_sub_lair_graze_edge]
Orc:1:    layout_caves, special_room [special_room_orc], uniq_josephine,
          uniq_harold
Orc:2:    st_orc_rangers, layout_caves, serial_shops, shop, uniq_saint_roka

Skill      XL: |  1  2  3  4  5  6  7  8  9 10 11 12 13 14 15 |
---------------+----------------------------------------------+-----
Fighting       | 1 3 5 6 9 10 11 | 11.5
Unarmed Combat | 3 4 5 6 8 11 14 16 17 | 17.9
Transmutations | 2 3 5 6 9 10 | 10.7
Spellcasting   | 2 3 4 5 7 |  7.4
Ice Magic      | 1 5 6 |  6.2
Dodging        | 7 |  7.0
Armour         | 2 |  2.1

Action                   |  1- 3 |  4- 6 |  7- 9 | 10-12 | 13-15 || total
-------------------------+-------+-------+-------+-------+-------++-------
Melee: Unarmed           |   146 |   161 |   303 |   448 |   817 ||  1875
       Kick              |    16 |    19 |    42 |       |       ||    77
       Headbutt          |    12 |     9 |    33 |       |       ||    54
       Punch             |     2 |     3 |    10 |     2 |    27 ||    44
Throw: Dart              |       |     6 |       |       |       ||     6
 Cast: Beastly Appendage |    15 |    11 |    19 |       |       ||    45
       Wereblood         |       |     6 |    13 |    17 |    26 ||    62
       Ice Form          |       |       |     7 |    56 |    63 ||   126
       Ozocubu's Armour  |       |       |     2 |    15 |    17 ||    34
       Blade Hands       |       |       |       |       |    43 ||    43
 Abil: End Transformatio |       |       |       |       |     1 ||     1
Evoke: Wand              |       |     1 |       |       |       ||     1
  Use: Scroll            |     1 |     5 |     5 |     7 |    13 ||    31
       Potion            |       |     3 |     2 |     4 |    12 ||    21
 Stab: Sleeping          |     1 |     1 |     1 |       |       ||     3
       Paralysed         |       |     9 |       |       |       ||     9
Armor: Robe              |    27 |    23 |    57 |     5 |       ||   112
       Skin              |       |     4 |    17 |    91 |   196 ||   308
       Leather armour    |       |       |       |     4 |    54 ||    58
       Ring mail         |       |       |       |       |    28 ||    28
       Troll leather arm |       |       |       |       |     3 ||     3
Dodge: Dodged            |    91 |    89 |   155 |   173 |   528 ||  1036
